 Dungeon Crawl Stone Soup version 0.31-a0-221-gbddc013574 (webtiles) character file.

Game seed: 14123248824298346107

1762 qw the Cleaver (level 9, -8/55 HPs)
             Began as a Gargoyle Fighter on July 4, 2023.
             Was a Follower of Okawaru.
             Mangled by a hornet (10 damage)
             ... on level 7 of the Dungeon.
             The game lasted 00:02:46 (5315 turns).

qw the Cleaver (Gargoyle Fighter)                   Turns: 5315, Time: 00:02:47

Health: -8/55      AC: 20    Str: 25    XL:     9   Next: 7%
Magic:  8/11       EV: 10    Int:  9    God:    Okawaru [*.....]
Gold:   345        SH:  5    Dex:  9    Spells: 8/8 levels left

rFire   . . .        m - +5 broad axe of Bodily Humours {pain, Fly Int+3}
rCold   . . .        c - +0 buckler
rNeg    + . .        j - +0 chain mail
rPois   inf          (no helmet)
rElec   +            (no cloak)
rCorr   +            (no gloves)
SInv    .            b - +0 pair of boots
Will    .....        (no amulet) Stlth
                     p - ring of resist corrosion
HPRegen 0.29/turn    (no ring)
MPRegen 0.12/turn

%: no passive effects
@: heroic, flying
A: sickness immunity, AC +6, negative energy resistance 1, electricity
resistance, torment resistance 1, petrification resistance, iridescent scales 1,
dopey 1
a: Renounce Religion, Heroism


You were on level 7 of the Dungeon.
You worshipped Okawaru.
Okawaru was aware of your devotion.
You visited 2 branches of the dungeon, and saw 8 of its levels.

You collected 345 gold pieces.


Innate Abilities, Weirdness & Mutations

You are immune to sickness and miasma.
Your stone body is resilient. (AC +6)
You are immune to poison.
You resist negative energy. (rN+)
You are resistant to electric shocks. (rElec)
You are resistant to unholy torment.
You are immune to petrification.
You are partially covered in iridescent scales. (AC +2)
You are dopey. (Int -2)


   Skills:
 - Level 6.0(11.0) Fighting
 + Level 8.8(13.8) Axes
 - Level 2.1(7.1) Throwing
 - Level 3.2(8.2) Armour
 - Level 1.3(6.3) Dodging
 - Level 3.2(8.2) Shields
 + Level 2.6 Invocations


You had 8 spell levels left.
You didn't know any spells.
Your spell library was empty.

Inventory:

Hand Weapons
 g - a +0 flail
 k - a +1 flail of draining
 m - the +5 broad axe of Bodily Humours (weapon) {pain, Fly Int+3}
   (You acquired it on level 6 of the Dungeon)

   Int:       It affects your intelligence (+3).
   Fly:       It grants you flight.
 Y - a +1 war axe
Missiles
 l - 3 javelins (quivered)
Armour
 b - a +0 pair of boots (worn)
 c - a +0 buckler (worn)
 j - a +0 chain mail (worn)
Jewellery
 p - a ring of resist corrosion (left hand)
Scrolls
 o - 2 scrolls of identify
Potions
 a - 2 potions of attraction
 d - a potion of might
 e - 2 potions of curing
 f - a potion of cancellation
 h - a potion of enlightenment
 i - a potion of resistance

Dungeon Overview and Level Annotations

Branches:
Dungeon (7/15)             Temple (1/1) D:6

Altars:
Ashenzari
Cheibriados
Dithmenos
Elyvilon
Fedhas
Gozag
Hepliaklqana
Kikubaaqudgha
Makhleb
Nemelex Xobeh
Okawaru
Ru
Sif Muna
Trog
Uskayaw
Vehumet
Wu Jian
Xom
Yredelemnul
Zin
The Shining One

Shops:
D:6 :


Message History

The hornet misses you.
You hit the hornet.
The hornet is lightly wounded.
The hornet closely misses you. The hornet stings you.
5307 ||| READING scroll of teleportation.
As you read the scroll of teleportation, it crumbles to dust.
You feel strangely unstable. You block the hornet's attack.
You barely miss the hornet.
The hornet is lightly wounded.
You hear the faint creaking of a very distant portcullis.
You block the hornet's attack.
The hornet stings you but does no damage.
You hit the hornet.
The hornet is lightly wounded.
The hornet stings you but does no damage.
You miss the hornet.
The hornet is lightly wounded.
You block the hornet's attack.
You hit the hornet.
The hornet is moderately wounded.
The hornet stings you! The hornet closely misses you.
You barely miss the hornet.
The hornet is moderately wounded.
Your surroundings suddenly seem different.
A hornet comes into view.
Found a quarterstaff, a sling, a scroll of identify and 5 poisoned darts.
Found a stone staircase leading down.
The hornet buzzes angrily.
You hear a bark!
Enter note: You throw a javelin.
The javelin pierces through the hornet!
The hornet is heavily wounded.
You slash the hornet!
The hornet is severely wounded.
The hornet stings you.
A hound comes into view.
You barely miss the hornet.
The hornet is severely wounded.
The hornet stings you. The hornet stings you!
You die...

.. ##. . .##..
.. ##.#.. ...
#...) .... ....
. .....##..#
...
.........#.....
.......@.......
#.....y..##....
##......... .
#........)..
#..............
##(.h##......?.
#..# .(.......
>.. .........


You could see a hornet and a hound.

Vanquished Creatures
  2 water moccasins
  3 ice beasts
  An ogre (D:4)
  A black bear (D:5)
  3 centaurs
  A phantom (D:5)
  A bullfrog (D:4)
  A scorpion (D:5)
  3 wights (D:5)
  2 jellies
  An orc priest (D:6)
  A gnoll bouda (D:6)
  2 iguanas
  3 orc wizards
  9 adders
  11 gnolls
  A shadow imp (D:5)
  An ufetubus (D:6)
  3 dart slugs
  6 orcs
  7 ball pythons
  A bat (D:3)
  5 endoplasms
  5 giant cockroaches
  5 hobgoblins
  6 jackals (D:3)
  4 kobolds (D:4)
  2 quokkas
  3 frilled lizards
  9 goblins
  6 rats
109 creatures vanquished.

Notes
Turn   | Place    | Note
-------+----------+-------------------------------------------
     0 | D:1      | qw the Gargoyle Fighter began the quest for the Orb.
     0 | D:1      | Reached XP level 1. HP: 14/14 MP: 1/1
     0 | D:1      | 0 ||| qw: Version: 0.3-a-41-g9d075ac
     0 | D:1      | 0 ||| qw: Game counter: 838
     0 | D:1      | 0 ||| qw: Melee chars always use a shield: true
     0 | D:1      | 0 ||| qw: God list: Okawaru
     0 | D:1      | 0 ||| qw: Allow faded altars: false
     0 | D:1      | 0 ||| qw: Do Orc after clearing Dungeon:15 true
     0 | D:1      | 0 ||| qw: Do second Lair branch before Depths: true
     0 | D:1      | 0 ||| qw: Lair rune preference: random
     0 | D:1      | 0 ||| qw: Goals: Normal, Zot:1-4, Slime:5, God:TSO, Crypt,
                  | Tomb, Abyss, Pan, Hells, Win
     0 | D:1      | 0 ||| PLANNING D:1-11
    26 | D:1      | Reached skill level 2 in Axes
    58 | D:1      | Reached XP level 2. HP: 16/19 MP: 2/2
   108 | D:1      | 108 ||| Stepping ~*~*~tactically~*~*~ (water).
   227 | D:1      | Found a faded altar of an unknown god.
   379 | D:1      | Reached skill level 3 in Axes
   423 | D:1      | 423 ||| Stepping ~*~*~tactically~*~*~ (hiding).
   433 | D:1      | Reached XP level 3. HP: 14/23 MP: 3/3
   642 | D:1      | 642 ||| READING scroll labelled QIUR VAGOAVE.
   643 | D:1      | 643 ||| DRINKING 2 emerald potions.
   708 | D:2      | 708 ||| Stepping ~*~*~tactically~*~*~ (hiding).
   728 | D:2      | Reached XP level 4. HP: 10/28 MP: 4/4
  1034 | D:2      | 1034 ||| DROPPING +0 club.
  1266 | D:2      | Reached skill level 4 in Axes
  1396 | D:2      | 1396 ||| READING scroll labelled IRALIQ KAIR.
  1397 | D:2      | 1397 ||| READING scroll labelled PUEKUDGH PEEHEMN.
  1398 | D:2      | 1398 ||| READING scroll labelled PUTYBY ZOUQ.
  1625 | D:3      | Found a broken altar of Ashenzari.
  1650 | D:3      | Found a glowing golden altar of the Shining One.
  1735 | D:3      | 1735 ||| Stepping ~*~*~tactically~*~*~ (hiding).
  1740 | D:3      | 1740 ||| Stepping ~*~*~tactically~*~*~ (hiding).
  1741 | D:3      | 1741 ||| Stepping ~*~*~tactically~*~*~ (hiding).
  1947 | D:3      | 1947 ||| Stepping ~*~*~tactically~*~*~ (stealth).
  1948 | D:3      | 1948 ||| Stepping ~*~*~tactically~*~*~ (stealth).
  1951 | D:3      | 1951 ||| Stepping ~*~*~tactically~*~*~ (stealth).
  1988 | D:3      | Reached XP level 5. HP: 30/32 MP: 5/5
  2096 | D:3      | Found a snail-covered altar of Cheibriados.
  2214 | D:3      | 2214 ||| UPGRADING to ring of resist corrosion.
  2215 | D:3      | 2215 ||| READING scroll labelled FUTOKA POCUF.
  2216 | D:3      | 2216 ||| READING 2 scrolls labelled BAOMAITO PUCSO.
  2217 | D:3      | 2217 ||| READING 2 scrolls labelled IVEBUNKU CUSTRUEDE.
  2218 | D:3      | 2218 ||| READING scroll labelled EDOTULUEBY.
  2219 | D:3      | 2219 ||| DROPPING scroll of noise.
  2220 | D:3      | 2220 ||| DROPPING scroll of immolation.
  2285 | D:4      | Identified the +5 long sword "Yshuji" {protect, Will++}
  2316 | D:4      | Noticed an ogre
  2326 | D:4      | Killed an ogre
  2327 | D:4      | Reached skill level 5 in Axes
  2327 | D:4      | Reached XP level 6. HP: 22/37 MP: 6/6
  2327 | D:4      | 2327 ||| FLEEEEING.
  2328 | D:4      | 2328 ||| FLEEEEING.
  2329 | D:4      | 2329 ||| FLEEEEING.
  2330 | D:4      | 2330 ||| FLEEEEING.
  2331 | D:4      | 2331 ||| FLEEEEING.
  2332 | D:4      | 2332 ||| FLEEEEING.
  2333 | D:4      | 2333 ||| FLEEEEING.
  2334 | D:4      | 2334 ||| FLEEEEING.
  2335 | D:4      | 2335 ||| FLEEEEING.
  2336 | D:4      | 2336 ||| FLEEEEING.
  2337 | D:4      | 2337 ||| FLEEEEING.
  2338 | D:4      | 2338 ||| FLEEEEING.
  2339 | D:4      | 2339 ||| FLEEEEING.
  2340 | D:4      | 2340 ||| FLEEEEING.
  2341 | D:4      | 2341 ||| STAIRDANCE
  2394 | D:4      | Found a glowing silver altar of Zin.
  2539 | D:4      | 2539 ||| FLEEEEING.
  2540 | D:4      | 2540 ||| FLEEEEING.
  2541 | D:4      | 2541 ||| FLEEEEING.
  2542 | D:4      | 2542 ||| FLEEEEING.
  2543 | D:4      | 2543 ||| FLEEEEING.
  2544 | D:4      | 2544 ||| FLEEEEING.
  2545 | D:4      | 2545 ||| FLEEEEING.
  2546 | D:4      | 2546 ||| FLEEEEING.
  2547 | D:4      | 2547 ||| FLEEEEING.
  2548 | D:4      | 2548 ||| FLEEEEING.
  2549 | D:4      | 2549 ||| FLEEEEING.
  2550 | D:4      | 2550 ||| FLEEEEING.
  2551 | D:4      | 2551 ||| FLEEEEING.
  2552 | D:4      | 2552 ||| FLEEEEING.
  2553 | D:4      | 2553 ||| FLEEEEING.
  2554 | D:4      | 2554 ||| FLEEEEING.
  2555 | D:4      | 2555 ||| FLEEEEING.
  2556 | D:4      | 2556 ||| FLEEEEING.
  2557 | D:4      | 2557 ||| FLEEEEING.
  2558 | D:4      | 2558 ||| FLEEEEING.
  2559 | D:4      | 2559 ||| FLEEEEING.
  2560 | D:4      | 2560 ||| STAIRDANCE
  2601 | D:3      | 2601 ||| UPGRADING to +0 chain mail.
  2611 | D:3      | 2611 ||| DROPPING +0 scale mail.
  2612 | D:3      | 2612 ||| DRINKING 2 ruby potions.
  2612 | D:3      | Gained mutation: You have a pair of small antennae on your
                  | head. [potion of mutation]
  2612 | D:3      | Gained mutation: You are occasionally teleported next to
                  | monsters. [potion of mutation]
  2613 | D:3      | 2613 ||| DRINKING potion of mutation.
  2613 | D:3      | Lost mutation: You have a pair of small antennae on your
                  | head. [potion of mutation]
  2613 | D:3      | Lost mutation: You are occasionally teleported next to
                  | monsters. [potion of mutation]
  2613 | D:3      | Gained mutation: You are dopey. (Int -2) [potion of
                  | mutation]
  2613 | D:3      | Gained mutation: You are partially covered in iridescent
                  | scales. (AC +2) [potion of mutation]
  2614 | D:3      | 2614 ||| READING 3 scrolls of identify.
  2614 | D:3      | 2614 ||| IDENTIFYING puce potion
  2615 | D:3      | 2615 ||| READING 2 scrolls of identify.
  2615 | D:3      | 2615 ||| IDENTIFYING purple potion
  2616 | D:3      | 2616 ||| DROPPING potion of ambrosia.
  2617 | D:3      | 2617 ||| DROPPING potion of degeneration.
  2824 | D:4      | 2824 ||| Stepping ~*~*~tactically~*~*~ (stealth).
  2826 | D:4      | 2826 ||| Stepping ~*~*~tactically~*~*~ (hiding).
  2827 | D:4      | 2827 ||| Stepping ~*~*~tactically~*~*~ (hiding).
  2838 | D:4      | Reached skill level 6 in Axes
  2910 | D:4      | Found a white marble altar of Elyvilon.
  2923 | D:4      | 2923 ||| Stepping ~*~*~tactically~*~*~ (stealth).
  3080 | D:4      | 3080 ||| UPGRADING to +0 pair of boots.
  3085 | D:4      | 3085 ||| READING scroll labelled BUSEOWN TEPTEHIWUI.
  3086 | D:4      | 3086 ||| DRINKING 2 fizzy puce potions.
  3087 | D:4      | 3087 ||| READING 3 scrolls of identify.
  3087 | D:4      | 3087 ||| IDENTIFYING green potion
  3088 | D:4      | 3088 ||| READING 2 scrolls of identify.
  3088 | D:4      | 3088 ||| IDENTIFYING glowing orange potion
  3122 | D:5      | Entered Level 5 of the Dungeon
  3165 | D:5      | Reached skill level 1 in Dodging
  3165 | D:5      | Reached XP level 7. HP: 44/44 MP: 7/7
  3604 | D:5      | HP: 11/44 [ice beast (9)]
  3605 | D:5      | 3605 ||| DRINKING potion of heal wounds.
  3609 | D:5      | Reached skill level 7 in Axes
  4005 | D:5      | Reached XP level 8. HP: 38/49 MP: 8/8
  4191 | D:5      | 4191 ||| DRINKING 2 smoky emerald potions.
  4192 | D:5      | 4192 ||| READING 2 scrolls of identify.
  4192 | D:5      | 4192 ||| IDENTIFYING smoky golden potion
  4204 | D:6      | 4204 ||| Stepping ~*~*~tactically~*~*~ (hiding).
  4205 | D:6      | 4205 ||| Stepping ~*~*~tactically~*~*~ (hiding).
  4205 | D:6      | Found Niohot's Book Emporium.
  4358 | D:6      | Reached skill level 8 in Axes
  4441 | D:6      | Found a staircase to the Ecumenical Temple.
  4442 | D:6      | 4442 ||| PLANNING TEMPLE
  4453 | D:6      | 4453 ||| FLEEEEING.
  4454 | D:6      | 4454 ||| FLEEEEING.
  4561 | D:6      | 4561 ||| READING scroll labelled VABLEO JAICUL.
  4561 | D:6      | Identified a scroll of acquirement
  4561 | D:6      | 4561 ||| ACQUIRING +5 broad axe of Bodily Humours {pain,
                  | Fly Int+3}
  4561 | D:6      | Acquired the +5 broad axe of Bodily Humours {pain, Fly
                  | Int+3}
  4563 | D:6      | 4563 ||| SWAPPING to +5 broad axe of Bodily Humours {pain,
                  | Fly Int+3}.
  4564 | D:6      | 4564 ||| DRINKING 2 fizzy inky potions.
  4669 | D:6      | 4669 ||| DROPPING potion of berserk rage.
  4678 | Temple   | Entered the Ecumenical Temple
  4707 | Temple   | 4707 ||| PLANNING OKAWARU WORSHIP
  4839 | Temple   | Became a worshipper of Warmaster Okawaru
  4840 | Temple   | 4840 ||| PLANNING D:1-11
  4878 | D:6      | Reached skill level 6 in Fighting
  4909 | D:6      | 4909 ||| Stepping ~*~*~tactically~*~*~ (hiding).
  5048 | D:6      | Found a hazy altar of Hepliaklqana.
  5220 | D:7      | 5220 ||| Stepping ~*~*~tactically~*~*~ (stealth).
  5222 | D:7      | 5222 ||| Stepping ~*~*~tactically~*~*~ (stealth).
  5223 | D:7      | 5223 ||| Stepping ~*~*~tactically~*~*~ (hiding).
  5225 | D:7      | Reached skill level 1 in Throwing
  5225 | D:7      | 5225 ||| Stepping ~*~*~tactically~*~*~ (hiding).
  5227 | D:7      | 5227 ||| Stepping ~*~*~tactically~*~*~ (hiding).
  5228 | D:7      | 5228 ||| Stepping ~*~*~tactically~*~*~ (stealth).
  5230 | D:7      | 5230 ||| Stepping ~*~*~tactically~*~*~ (hiding).
  5231 | D:7      | 5231 ||| Stepping ~*~*~tactically~*~*~ (hiding).
  5241 | D:7      | Reached * piety under Okawaru
  5248 | D:7      | Found a sacrificial altar of Ru.
  5280 | D:7      | Found a bloodstained altar of Trog.
  5285 | D:7      | 5285 ||| Stepping ~*~*~tactically~*~*~ (hiding).
  5292 | D:7      | Reached skill level 1 in Invocations
  5296 | D:7      | Reached XP level 9. HP: 42/55 MP: 8/10
  5300 | D:7      | 5300 ||| INVOKING Heroism.
  5300 | D:7      | Noticed a hornet
  5306 | D:7      | HP: 13/55 [hornet (2)]
  5307 | D:7      | 5307 ||| READING scroll of teleportation.
  5311 | D:7      | HP: 3/55 [hornet (12)]
  5312 | D:7      | Noticed a hornet
  5315 | D:7      | Mangled by a hornet

Levels and vault maps discovered:
D:1:      enne_arrival_octagon_isle, layout_rooms,
          hellmonk_ecumenical_altar_crossroads, moated_statue,
          chequers_serial_rivers_large_a, minmay_3d_cube
D:2:      layout_loops_cross, palyth_stone_intersect, nicolae_grassy_gnolls
D:3:      layout_rooms, lemuel_doored_altar, mainiacjoe_overflow_two_lobes,
          kennysheep_potato
D:4:      layout_cave_pools, elyvilon_altar_3, old_standard_altar
D:5:      layout_basic
D:6:      layout_rooms, nicolae_overflow_crystal_walls, temple_fountains,
          serial_shops, nicolae_shop_statue_plus
D:7:      layout_cave_pools, jmf_multi_god_temple, enter_bailey_5
Temple:   hellmonk_temple_forest_ring

Skill      XL: |  1  2  3  4  5  6  7  8 |
---------------+-------------------------+-----
Axes           | 2 3 4 5 6 7 8 |  8.8
Fighting       | 4 5 6 |  6.0
Dodging        | 1 |  1.3
Throwing       | 2 |  2.1
Invocations    | 2 |  2.6
Armour         | |  3.2
Shields        | |  3.2

Action                     |  1- 3 |  4- 6 |  7- 9 || total
---------------------------+-------+-------+-------++-------
  Melee: War axe           |    65 |   195 |   112 ||   372
         Broad axe         |       |       |    57 ||    57
  Throw: Javelin           |       |       |     8 ||     8
 Invoke: Heroism           |       |       |     1 ||     1
    Use: Scroll            |     1 |    12 |     3 ||    16
         Potion            |     1 |     3 |     3 ||     7
 Armour: Scale mail        |    28 |   103 |       ||   131
         Chain mail        |       |    21 |   122 ||   143
  Dodge: Dodged            |    24 |    85 |    64 ||   173
  Block: Buckler           |    14 |    34 |    31 ||    79

Table legend:
 A = Non-vault XP
 B = Vault XP
 C = Vault XP percentage of total XP
 D = Non-vault monster count
 E = Vault monster count
 F = Vault count percentage of total count
                 A         B        C        D         E       F
            +---------+---------+-------+---------+---------+-------
      Total |    2433 |      85 |   3.4 |      98 |      11 |  10.1
            +---------+---------+-------+---------+---------+-------
        D:1 |      25 |      12 |  32.4 |      16 |       4 |  20.0
        D:2 |      22 |      55 |  71.4 |       7 |       4 |  36.4
        D:3 |      56 |      18 |  24.3 |      17 |       3 |  15.0
        D:4 |     404 |       0 |   0.0 |      19 |       0 |   0.0
        D:5 |     755 |       0 |   0.0 |      13 |       0 |   0.0
        D:6 |     712 |       0 |   0.0 |      19 |       0 |   0.0
        D:7 |     459 |       0 |   0.0 |       7 |       0 |   0.0
            +---------+---------+-------+---------+---------+-------
